 Dungeon Crawl Stone Soup version 0.18-a0-1692-g516f9e9 (webtiles) character file.

45 ShaLL the Shield-Bearer (level 3, -3/29 HPs)
             Began as a Human Fighter on Apr 6, 2016.
             Slain by Sigmund
             ... wielding a +0 scythe
              (7 damage)
             ... on level 3 of the Dungeon.
             The game lasted 00:38:03 (1921 turns).

ShaLL the Shield-Bearer (Human Fighter)             Turns: 1921, Time: 00:38:04

Health: -3/29      AC: 10    Str: 17    XL:     3   Next: 90%
Magic:  3/3        EV:  7    Int:  8    God:
Gold:   60         SH:  9    Dex: 12    Spells: 0 memorised, 2 levels left

rFire  . . .     SeeInvis .     a - +0 long sword
rCold  . . .     Gourm    .     b - +0 scale mail
rNeg   . . .     Faith    .     c - +0 shield
rPois  .         Spirit   .     (no helmet)
rElec  .         Dismiss  .     h - +2 cloak
rCorr  .         Reflect  .     (no gloves)
SustAt .         Harm     .     (no boots)
MR     .....                    (no amulet)
Stlth  ..........               (no ring)
                                m - ring of wizardry

@: not resistant to hostile enchantments, extremely unstealthy
A: no striking features
a: no special abilities


You were on level 3 of the Dungeon.
You were not hungry.

You visited 1 branch of the dungeon, and saw 3 of its levels.

You collected 60 gold pieces.

Inventory:

Hand Weapons
 a - a +0 long sword (weapon)
 g - a +0 whip
 k - a +0 battleaxe
Missiles
 p - 13 poisoned needles (quivered)
Armour
 b - a +0 scale mail (worn)
 c - a +0 shield (worn)
 h - a +2 cloak (worn)
Jewellery
 m - a ring of wizardry (left hand)
Scrolls
 e - a scroll of enchant weapon {unknown}
 i - a scroll of identify {unknown}
Potions
 j - a potion of might
 l - a potion of magic {unknown}
 n - 2 potions of mutation {unknown}
 o - 2 potions of heal wounds {unknown}
Comestibles
 f - a bread ration


   Skills:
 * Level 3.4 Fighting
 + Level 2.3 Long Blades
 + Level 3.2 Armour
 + Level 0.6 Dodging
 + Level 3.6 Shields


You had 2 spell levels left.
You didn't know any spells.

Dungeon Overview and Level Annotations

Branches:
Dungeon (3/15)

Altars:
Ashenzari
Pakellas

Annotations:
D:3 Sigmund; alfred1011's ghost, amateur GrEE


Message History

Alfred1011's ghost gestures at you while chanting.
You block the rocky blast. The kobold barely misses you. Something hits you.
* * * LOW HITPOINT WARNING * * *
The giant cockroach bites you but does no damage.
You block the rat's attack.
Unknown command.
You hit alfred1011's ghost but do no damage.
Alfred1011's ghost is heavily damaged.
Alfred1011's ghost casts a spell at you.
The rocky blast hits you! The kobold hits you but does no damage.
The giant cockroach barely misses you. You block the rat's attack.
You block alfred1011's ghost's attack. The kobold hits you but does no damage.
Something hits you.
* * * LOW HITPOINT WARNING * * *
You closely miss alfred1011's ghost.
Alfred1011's ghost is heavily damaged.
You block the giant cockroach's attack. The rat bites you but does no damage.
You block the kobold's attack. You block alfred1011's ghost's attack.
The giant cockroach barely misses you. Something hits you!
You die...

..
#...?.....
...
........
....
.......
....##$....
...[......
.........#
.....{WrK#
......s@.#
.........#
.....#####
#... #.# .


You could see alfred1011's ghost, a giant cockroach, a kobold and a rat.

Vanquished Creatures
  An ooze (D:1)
  A worm (D:2)
  3 bats
  A giant cockroach (D:1)
  4 goblins (D:1)
  4 hobgoblins
  6 jackals (D:2)
  A quokka (D:2)
  3 giant newts
  8 kobolds
  3 rats
35 creatures vanquished.

Vanquished Creatures (others)
  A manticore (D:2)
1 creature vanquished.

Grand Total: 36 creatures vanquished

Notes
Turn   | Place    | Note
--------------------------------------------------------------
     0 | D:1      | ShaLL the Human Fighter began the quest for the Orb.
     0 | D:1      | Reached XP level 1. HP: 18/18 MP: 1/1
    48 | D:1      | Reached XP level 2. HP: 24/24 MP: 2/2
   669 | D:1      | Reached XP level 3. HP: 28/29 MP: 3/3
  1152 | D:2      | Found a shattered altar of Ashenzari.
  1567 | D:2      | Found an oddly glowing altar of Pakellas.
  1568 | D:2      | Noticed a manticore
  1572 | D:2      | Killed a manticore
  1905 | D:3      | Noticed alfred1011's ghost (amateur GrEE)
  1909 | D:3      | Noticed Sigmund
  1921 | D:3      | Slain by Sigmund

Vault maps used:
D:1:      dpeg_arrival_boxes_within_box
D:2:      nicolae_ashenzari_panopticon, gammafunk_pakellas_spire_experiment
D:3:      nicolae_overflow_crystal_walls, uniq_sigmund

Action                   || total
-------------------------++-------
Melee: Long sword        ||   134
  Eat: Meat ration       ||     1
